[Event "Titled Tuesday Blitz November 22 Late 2022"]
[White "Papasimakopoulos, Alexandros"]
[Black "Dylag, Emilia"]
[WhiteFideId "4244125"]
[BlackFideId "21805172"]
[WhiteElo "2365"]
[BlackElo "1878"]
[Result "1-0"]
[Round "02"]
[TimeControl "180+1"]
[Date "2022.11.23"]
[WhiteClock "0:00:59"]
[BlackClock "0:00:11"]

1. d4 Nf6 2. c4 e6 3. Nc3 Bb4 4. Qc2 d5 5. cxd5 exd5 6. Bg5 h6 7. Bh4 O-O 8. e3 g5 9. Bg3 Ne4 10. Bd3 Bf5 11. Ne2 c5 12. dxc5 Nd7 13. a3 Bxc3+ 14. Nxc3 Ndxc5 15. Nxe4 Nxd3+ 16. Qxd3 Bxe4 17. Qd4 Bxg2 18. Rg1 Be4 19. h4 Qb6 20. Qxb6 axb6 21. hxg5 hxg5 22. Bd6 Rfd8 23. Rxg5+ Bg6 24. Be5 Rdc8 25. Bc3 Kf8 26. O-O-O Ke7 27. Re5+ Kf8 28. Rexd5 Rc5 29. Rd6 b5 30. Kd2 Rc6 31. Rd7 b6 32. Rh1 Ke8 33. Rb7 Rd8+ 34. Ke1 Rd7 35. Rb8+ Ke7 36. Rhh8 Ke6 37. Rbe8+ Kd5 38. Re5+ Kc4 39. Rh4+ Kb3 40. Rxb5+ Kc2 41. Rd4 Rxd4 42. Bxd4 Bd3 43. Rxb6 Rc8 44. f3 Rg8 45. Rc6+ Kb3 46. Rc3+ Ka2 47. Rxd3 f5 48. Kf2 f4 49. exf4 Rb8 50. f5 1-0


[Site "https://www.chess.com"]

[Event "Titled Tuesday Blitz November 22 Late 2022"]
[White "Papp, Levente"]
[Black "Plat, Vojtech"]
[WhiteFideId "751243"]
[BlackFideId "325740"]
[WhiteElo "2380"]
[BlackElo "2514"]
[Result "0-1"]
[Round "02"]
[TimeControl "180+1"]
[Date "2022.11.22"]
[WhiteClock "0:00:15"]
[BlackClock "0:01:46"]

1. c4 d6 2. Nc3 e5 3. g3 Nf6 4. Bg2 Be7 5. e3 O-O 6. Nge2 c6 7. d4 Nbd7 8. O-O a5 9. b3 Re8 10. Qc2 Qc7 11. Bb2 Nf8 12. c5 exd4 13. cxd6 Bxd6 14. Nxd4 Be5 15. Rac1 Ne6 16. Ncb5 cxb5 17. Nxe6 Qxc2 18. Rxc2 Rxe6 19. Bh3 Rc6 20. Rxc6 Bxh3 21. Rb6 Bxb2 22. Rd1 b4 23. Rxb7 h6 24. f3 Be6 25. e4 Bc3 26. Kf2 a4 27. bxa4 Rxa4 28. Ke3 Rxa2 29. f4 Ng4+ 0-1


[Site "https://www.chess.com"]

[Event "Titled Tuesday Blitz November 22 Late 2022"]
[White "Pinheiro, Iung Alicio de O."]
[Black "Polster, Christian"]
[WhiteFideId "2104350"]
[BlackFideId "12965081"]
[WhiteElo "2283"]
[BlackElo "2209"]
[Result "1-0"]
[Round "02"]
[TimeControl "180+1"]
[Date "2022.11.23"]
[WhiteClock "0:00:27"]
[BlackClock "0:00:02"]

1. e4 c5 2. Nf3 d6 3. Bc4 Nf6 4. d3 Nc6 5. O-O Bg4 6. Nbd2 e6 7. h3 Bxf3 8. Nxf3 Be7 9. c3 O-O 10. Bb3 d5 11. e5 Nd7 12. Re1 b5 13. d4 b4 14. cxb4 cxd4 15. a3 Qb6 16. Bc2 Rfc8 17. Qd3 g6 18. h4 Bxb4 19. Re2 Bf8 20. Qd1 Nc5 21. Nxd4 Nxd4 22. Qxd4 Rab8 23. h5 Nb3 24. Qxb6 Rxb6 25. Bxb3 Rxb3 26. Be3 a5 27. hxg6 hxg6 28. Bd4 Rc4 29. Rd1 a4 30. g3 Kg7 31. Kg2 Bc5 32. Bxc5 Rxc5 33. Rd4 Rc4 34. Rxc4 dxc4 35. Re4 c3 36. bxc3 Rxa3 37. Rc4 Ra1 38. Rc7 a3 39. Ra7 Kf8 40. c4 Ke8 41. c5 Kd8 42. Rxf7 Kc8 43. Ra7 Kb8 44. Ra5 a2 45. Kf3 Kb7 46. Kf4 Kc6 47. Kg5 Rf1 48. Rxa2 Kxc5 49. Kxg6 Kd5 50. Re2 Rh1 51. g4 1-0


[Site "https://www.chess.com"]

[Event "Titled Tuesday Blitz November 22 Late 2022"]
[White "Pino Perez, Lazaro"]
[Black "Winterberg, Lukas"]
[WhiteFideId "3517055"]
[BlackFideId "24622702"]
[WhiteElo "2170"]
[BlackElo "2349"]
[Result "1-0"]
[Round "02"]
[TimeControl "180+1"]
[Date "2022.11.23"]
[WhiteClock "0:00:28"]
[BlackClock "0:01:20"]

1. d4 Nf6 2. Bf4 g6 3. Nc3 Bg7 4. e4 O-O 5. e5 Ne8 6. Qe2 d6 7. O-O-O c6 8. h4 b5 9. h5 Qa5 10. hxg6 fxg6 11. Qe3 b4 12. Nb1 Qxa2 13. Bh6 Bxh6 14. Qxh6 Qf7 15. Nd2 a5 16. Ngf3 Qg7 17. Qh4 a4 18. Ng5 h6 19. Qxh6 Qxh6 20. Rxh6 a3 21. Bc4+ d5 22. Rdh1 Nf6 23. Rxg6# 1-0


[Site "https://www.chess.com"]

[Event "Titled Tuesday Blitz November 22 Late 2022"]
[White "Poliakova, Varvara"]
[Black "Drygalov, Andrey"]
[WhiteFideId "13518313"]
[BlackFideId "24171735"]
[WhiteElo "2099"]
[BlackElo "2472"]
[Result "0-1"]
[Round "02"]
[TimeControl "180+1"]
[Date "2022.11.23"]
[WhiteClock "0:00:06"]
[BlackClock "0:00:06"]

1. e4 e5 2. Nf3 Nc6 3. Bc4 Bc5 4. d3 Nf6 5. c3 d6 6. Bb3 O-O 7. Nbd2 a5 8. a4 Be6 9. O-O h6 10. h3 d5 11. Re1 Re8 12. Nf1 dxe4 13. dxe4 Qxd1 14. Bxd1 Rad8 15. Bc2 Bc4 16. Ne3 Bd3 17. Bxd3 Rxd3 18. Nf5 Kh7 19. Nd2 g6 20. Nb3 Bb6 21. Nxh6 Kg7 22. Bg5 Red8 23. Bxf6+ Kxf6 24. Ng4+ Ke6 25. Kf1 f5 26. exf5+ gxf5 27. Nh2 e4 28. Ke2 Ne5 29. Nf1 R3d7 30. Ne3 Nd3 31. Reb1 f4 32. Nd1 Ke5 33. Nd2 Nc1+ 34. Rxc1 Rxd2+ 35. Ke1 e3 36. fxe3 fxe3 37. c4 Bd4 38. Nc3 Rxg2 39. Rd1 Bxc3+ 40. bxc3 Rdd2 41. Rxd2 exd2+ 42. Kd1 Ke4 43. Kc2 Ke3 44. Rd1 c5 45. h4 Rg4 46. Rxd2 Rxc4 47. Rd3+ Ke2 48. Rh3 Rxa4 49. h5 Rg4 50. h6 Rg8 51. h7 Rh8 52. Rh5 b6 53. Rh6 Ke3 54. Kb3 b5 55. Rh5 c4+ 56. Kc2 b4 57. Rxa5 b3+ 58. Kb2 Rxh7 59. Ra8 Rh2+ 60. Kb1 Kd3 61. Rg8 Kxc3 62. Rg7 Rh1+ 0-1


[Site "https://www.chess.com"]

[Event "Titled Tuesday Blitz November 22 Late 2022"]
[White "Pranav, V"]
[Black "Romanchuk, Viktor"]
[WhiteFideId "25060783"]
[BlackFideId "14109271"]
[WhiteElo "2430"]
[BlackElo "2242"]
[Result "1-0"]
[Round "02"]
[TimeControl "180+1"]
[Date "2022.11.22"]
[WhiteClock "0:02:40"]
[BlackClock "0:02:25"]

1. e4 e6 2. d4 d5 3. Nc3 dxe4 4. Nxe4 Nd7 5. Nf3 Ngf6 6. Ng3 c5 7. Bd3 cxd4 8. Nxd4 Bc5 9. Nb3 Be7 10. O-O O-O 11. Re1 b6 12. Qf3 Rb8 13. Bf4 Bb7 14. Ne4 Rc8 15. Nxf6+ Nxf6 16. Qxb7 1-0


[Site "https://www.chess.com"]

[Event "Titled Tuesday Blitz November 22 Late 2022"]
[White "Prem, Pranav"]
[Black "Sattarov, Bobir"]
[WhiteFideId "30901057"]
[BlackFideId "14203081"]
[WhiteElo "1970"]
[BlackElo "2354"]
[Result "1-0"]
[Round "02"]
[TimeControl "180+1"]
[Date "2022.11.23"]
[WhiteClock "0:01:16"]
[BlackClock "0:00:34"]

1. d4 Nf6 2. c4 e6 3. Nf3 d5 4. Nc3 Be7 5. Bg5 O-O 6. e3 c6 7. Qc2 Nbd7 8. cxd5 exd5 9. Bd3 Re8 10. O-O Nf8 11. Rab1 a5 12. a3 Ng6 13. b4 axb4 14. axb4 Ne4 15. Bxe7 Qxe7 16. b5 Bf5 17. bxc6 bxc6 18. Rfc1 Rac8 19. Na4 h5 20. Nc5 1-0


[Site "https://www.chess.com"]

[Event "Titled Tuesday Blitz November 22 Late 2022"]
[White "Przybylski, Wojciech"]
[Black "Floresvillar Gonzalez, Luis Migu"]
[WhiteFideId "1117599"]
[BlackFideId "5100542"]
[WhiteElo "2221"]
[BlackElo "2040"]
[Result "1-0"]
[Round "02"]
[TimeControl "180+1"]
[Date "2022.11.23"]
[WhiteClock "0:01:35"]
[BlackClock "0:01:26"]

1. e4 e6 2. d4 d5 3. Nc3 dxe4 4. Nxe4 Nd7 5. Bd3 Ngf6 6. Ne2 Nxe4 7. Bxe4 Nf6 8. Bf3 c5 9. Be3 cxd4 10. Nxd4 Be7 11. O-O O-O 12. c4 e5 13. Nb5 a6 14. Nc3 Be6 15. Bxb7 Bxc4 16. Bxa8 Bxf1 17. Qxd8 Rxd8 18. Kxf1 Rxa8 19. h3 Kf8 20. Ke2 Rb8 21. Rb1 Ke8 22. a3 Kd7 23. b4 a5 24. bxa5 Rxb1 25. Nxb1 Kc6 26. Bd2 Ne4 27. Be1 Kb5 28. f3 Nc5 29. Nc3+ Kc4 30. Ne4 Nxe4 31. fxe4 Bxa3 32. a6 Bc5 33. Bf2 1-0


[Site "https://www.chess.com"]

[Event "Titled Tuesday Blitz November 22 Late 2022"]
[White "Rasulov, Vugar"]
[Black "Osmak, Yuliia"]
[WhiteFideId "13402390"]
[BlackFideId "14101602"]
[WhiteElo "2855"]
[BlackElo "2569"]
[Result "1-0"]
[Round "02"]
[TimeControl "180+1"]
[Date "2022.11.23"]
[WhiteClock "0:01:44"]
[BlackClock "0:00:09"]

1. e4 c5 2. c3 Nf6 3. e5 Nd5 4. Nf3 Nc6 5. d4 cxd4 6. cxd4 d6 7. Bc4 Nb6 8. Bb3 dxe5 9. d5 Na5 10. Nc3 f6 11. O-O g6 12. Be3 Bg7 13. Bc5 Nxb3 14. Qxb3 Bg4 15. Rad1 Bxf3 16. gxf3 Rc8 17. Bb4 Qd7 18. Ne4 O-O 19. d6+ e6 20. Nc5 Rxc5 21. Bxc5 Nd5 22. Rxd5 exd5 23. Qxd5+ Kh8 24. Bxa7 Rd8 25. Rd1 Bf8 26. Bb6 Rc8 27. Bc7 b5 28. b4 h5 29. a4 bxa4 30. b5 Rxc7 31. dxc7 Qxc7 32. Qd8 Qc5 33. b6 1-0


[Site "https://www.chess.com"]

[Event "Titled Tuesday Blitz November 22 Late 2022"]
[White "Reprintsev, Alexander"]
[Black "Sabar, Ethmane Daouda"]
[WhiteFideId "14100541"]
[BlackFideId "19600097"]
[WhiteElo "2230"]
[BlackElo "1950"]
[Result "0-1"]
[Round "02"]
[TimeControl "180+1"]
[Date "2022.11.23"]
[WhiteClock "0:01:13"]
[BlackClock "0:00:30"]

1. e4 c5 2. b3 Nc6 3. Bb2 e5 4. f4 d6 5. Qf3 Nf6 6. Bb5 Bd7 7. Ne2 Nd4 8. Nxd4 cxd4 9. Bxd7+ Qxd7 10. c3 exf4 11. cxd4 Qg4 12. Nc3 Qxf3 13. gxf3 Be7 14. Rg1 O-O 15. Ne2 Nh5 16. d5 f6 17. Nd4 Rac8 18. Ne6 Rf7 19. Bd4 b6 20. Ke2 Kh8 21. Rac1 Rxc1 22. Rxc1 Kg8 23. Rc8+ Bf8 24. Ra8 g5 25. Nxf8 Rxf8 26. Rxa7 f5 27. Bxb6 fxe4 28. fxe4 f3+ 29. Kf1 g4 30. Rd7 g3 31. hxg3 Nxg3+ 32. Kg1 Nxe4 33. Rd8 f2+ 34. Bxf2 Rxd8 35. Be3 Ra8 36. a4 Rb8 37. a5 Rxb3 38. a6 Ra3 39. a7 Kf7 40. Bb6 Nxd2 41. Kf2 Ne4+ 42. Ke2 Nf6 43. Kd2 Nxd5 44. Bd4 Ke6 45. Kc2 Nb4+ 46. Kb2 Ra6 0-1


[Site "https://www.chess.com"]

[Event "Titled Tuesday Blitz November 22 Late 2022"]
[White "Rios Escobar, Adan"]
[Black "De La Colina, Nicolas"]
[WhiteFideId "3403645"]
[BlackFideId "30946921"]
[WhiteElo "2346"]
[BlackElo "2046"]
[Result "0-1"]
[Round "02"]
[TimeControl "180+1"]
[Date "2022.11.23"]
[WhiteClock "0:00:01"]
[BlackClock "0:00:13"]

1. d4 Nf6 2. g3 e6 3. c4 d5 4. Bg2 Be7 5. Nf3 O-O 6. O-O c6 7. Qc2 b6 8. Rd1 Bb7 9. Nbd2 Nbd7 10. e4 Rc8 11. e5 Ne8 12. cxd5 cxd5 13. Qd3 Nc7 14. Ne1 Ba6 15. Qe3 Nb8 16. Ndf3 Nc6 17. h4 h6 18. Bd2 Qd7 19. g4 Rfe8 20. g5 h5 21. g6 fxg6 22. Bh3 Rf8 23. Kh2 Bb4 24. Ng5 Bxd2 25. Rxd2 Ne7 26. Qa3 Nf5 27. Rc1 Nb5 28. Qxa6 Rxc1 29. Nd3 Rc4 30. Nf4 Nbxd4 31. Nfxe6 Nxe6 32. Qxc4 dxc4 33. Rxd7 Nxg5 34. hxg5 Nh4 35. Be6+ Kh7 36. Rf7 Re8 37. Bxc4 Rxe5 38. Rf4 Nf5 39. Bb3 Rc5 40. Kg2 a5 41. a3 b5 42. Be6 Re5 43. Bxf5 gxf5 44. Rd4 Kg6 45. f4 Re4 0-1


[Site "https://www.chess.com"]

[Event "Titled Tuesday Blitz November 22 Late 2022"]
[White "Rizzo, Tobias"]
[Black "Aggelis, Nikolaos"]
[WhiteFideId "30942691"]
[BlackFideId "4213220"]
[WhiteElo "2295"]
[BlackElo "2189"]
[Result "1-0"]
[Round "02"]
[TimeControl "180+1"]
[Date "2022.11.23"]
[WhiteClock "0:00:03"]
[BlackClock "0:00:08"]

1. d4 d5 2. Bf4 c5 3. Nc3 Nf6 4. e3 a6 5. Nf3 Nc6 6. Be2 Qb6 7. Na4 Qa5+ 8. c3 cxd4 9. exd4 Bg4 10. b4 Qd8 11. Nc5 b6 12. Nxa6 Rc8 13. h3 Bxf3 14. Bxf3 e6 15. O-O Bd6 16. Bxd6 Qxd6 17. b5 Na5 18. Rc1 O-O 19. Re1 Qa3 20. Qc2 Rc4 21. Be2 Ne4 22. Bxc4 Nxc4 23. Qb3 Qd6 24. Nb4 Qf4 25. Qc2 Ra8 26. Nd3 Qd6 27. Qe2 Ra3 28. Ne5 f6 29. Nxc4 Nxc3 30. Nxd6 Nxe2+ 31. Rxe2 e5 32. dxe5 fxe5 33. Rc8# 1-0


[Site "https://www.chess.com"]

[Event "Titled Tuesday Blitz November 22 Late 2022"]
[White "Rodriguez Santiago, Jaime"]
[Black "Toncheva, Nadya"]
[WhiteFideId "3100898"]
[BlackFideId "2924056"]
[WhiteElo "2025"]
[BlackElo "2101"]
[Result "1-0"]
[Round "02"]
[TimeControl "180+1"]
[Date "2022.11.23"]
[WhiteClock "0:00:36"]
[BlackClock "0:00:02"]

1. c4 c5 2. Nc3 g6 3. g3 Bg7 4. Bg2 e6 5. e4 Ne7 6. Nge2 Nbc6 7. d3 O-O 8. O-O d6 9. a3 Nd4 10. Rb1 a5 11. Be3 e5 12. f4 Bg4 13. h3 Bxe2 14. Nxe2 Nec6 15. f5 Kh8 16. Kh2 Rg8 17. g4 gxf5 18. exf5 Bf6 19. Ng3 Bg5 20. Bxg5 Qxg5 21. Ne4 Qe7 22. f6 Qd7 23. g5 Rg6 24. Qh5 Ne6 25. Qg4 Rag8 26. h4 Ncd4 27. Bh3 Qa4 28. Rf2 Qc6 29. Qh5 Nf4 30. Rxf4 exf4 31. Rf1 f3 32. Rf2 Re8 33. Qg4 b5 34. h5 Rgg8 35. b3 d5 36. Ng3 1-0


[Site "https://www.chess.com"]

[Event "Titled Tuesday Blitz November 22 Late 2022"]
[White "Roman, Rodrigo"]
[Black "Ghazarian, Kirk"]
[WhiteFideId "3701220"]
[BlackFideId "30908604"]
[WhiteElo "1995"]
[BlackElo "2346"]
[Result "0-1"]
[Round "02"]
[TimeControl "180+1"]
[Date "2022.11.23"]
[WhiteClock "0:00:10"]
[BlackClock "0:00:26"]

1. e4 c5 2. Nf3 Nf6 3. e5 Nd5 4. Nc3 e6 5. Nxd5 exd5 6. d4 Nc6 7. Be3 cxd4 8. Nxd4 Nxe5 9. Nf3 Nc4 10. Bd4 f6 11. Bc3 Nb6 12. Bd3 Bc5 13. b4 Be7 14. Ng5 fxg5 15. Bxg7 Bxb4+ 16. Kf1 Ke7 17. Qg4 Bd2 18. Qe2+ Kf7 19. Bxh8 Qxh8 20. Qh5+ Kf8 21. Rd1 Bc3 22. Qxg5 d6 23. Qd8+ Kg7 24. Qc7+ Kg8 25. Qd8+ Kf7 26. Qxd6 Be6 27. Qc7+ Nd7 28. Bxh7 Rc8 29. Qf4+ Qf6 30. Qxf6+ Bxf6 31. Bd3 Ne5 32. Ke2 Nxd3 33. cxd3 Bg5 34. Kf3 d4 35. h4 Bd5+ 36. Kg3 Bh6 37. Rhg1 Bxa2 38. Ra1 Rc2 39. f3 b5 40. Rge1 Be3 41. h5 b4 42. Kg4 b3 43. Kf5 Rc5+ 44. Ke4 Rxh5 45. Rxe3 dxe3 46. Kxe3 b2 47. Rxa2 b1=Q 48. Rxa7+ Ke8 49. Ra8+ Kd7 50. Ra7+ Kc8 51. Ra8+ Kb7 52. Rg8 Qe1+ 53. Kf4 Qe5+ 54. Kg4 Qe6+ 55. Kxh5 Qxg8 56. g3 Kc6 57. g4 Kd6 58. f4 Ke6 59. d4 Kf6 60. g5+ Kf5 61. d5 Qh8# 0-1


[Site "https://www.chess.com"]

[Event "Titled Tuesday Blitz November 22 Late 2022"]
[White "Romero Ruscalleda, Josep"]
[Black "Jegorovas, Aleksandras"]
[WhiteFideId "2231859"]
[BlackFideId "12801950"]
[WhiteElo "2183"]
[BlackElo "2247"]
[Result "0-1"]
[Round "02"]
[TimeControl "180+1"]
[Date "2022.11.23"]
[WhiteClock "0:01:40"]
[BlackClock "0:01:36"]

1. e4 e6 2. d4 d5 3. e5 c5 4. c3 Nc6 5. Be3 f6 6. Nf3 fxe5 7. Nxe5 Nxe5 8. dxe5 Ne7 9. Bd3 Nf5 10. Bxf5 exf5 11. O-O Be6 12. Na3 Be7 13. Qa4+ Qd7 14. Qxd7+ Kxd7 15. Rfd1 Kc6 16. Nc2 a5 17. f4 a4 18. b4 axb3 19. axb3 h6 20. b4 b6 21. Rdb1 g5 22. g3 gxf4 23. gxf4 Rhg8+ 24. Kf2 Bh4+ 25. Kf1 Rxa1 26. Rxa1 d4 27. cxd4 Bc4# 0-1


[Site "https://www.chess.com"]

[Event "Titled Tuesday Blitz November 22 Late 2022"]
[White "Rose, Felix"]
[Black "Jeet, Jain"]
[WhiteFideId "5105722"]
[BlackFideId "5073022"]
[WhiteElo "2039"]
[BlackElo "2067"]
[Result "0-1"]
[Round "02"]
[TimeControl "180+1"]
[Date "2022.11.23"]
[WhiteClock "0:00:02"]
[BlackClock "0:01:09"]

1. e4 c6 2. d4 d5 3. e5 Bf5 4. h4 h5 5. Bd3 Bxd3 6. Qxd3 Qa5+ 7. Nd2 Qa6 8. c4 e6 9. Ngf3 Nd7 10. Qc2 Bb4 11. O-O Bxd2 12. Nxd2 Ne7 13. b3 Nf5 14. Nf3 g6 15. cxd5 cxd5 16. Qc7 Qb6 17. Qc3 O-O 18. Ba3 Rfc8 19. Qd2 Qa6 20. Bb2 Kg7 21. a4 Qb6 22. b4 Rc4 23. b5 Rac8 24. Rac1 Qd8 25. g3 Rxa4 26. Rxc8 Qxc8 27. Rc1 Rc4 28. Ra1 Rc2 29. Qb4 Qc4 30. Qxc4 dxc4 31. Bc1 Nb6 32. Bf4 Nd5 33. Rxa7 b6 34. Ng5 Nfe7 35. Kg2 c3 36. Ra1 Rb2 37. Bc1 Rxb5 38. Kf3 Rb4 39. Ke2 Rxd4 40. Rb1 Nc6 41. f4 Rb4 0-1


[Site "https://www.chess.com"]

[Event "Titled Tuesday Blitz November 22 Late 2022"]
[White "Rosen, Eric"]
[Black "Swiercz, Dariusz"]
[WhiteFideId "2032562"]
[BlackFideId "1126881"]
[WhiteElo "2362"]
[BlackElo "2627"]
[Result "1-0"]
[Round "02"]
[TimeControl "180+1"]
[Date "2022.11.22"]
[WhiteClock "0:00:34"]
[BlackClock "0:00:01"]

1. d4 d6 2. e4 Nf6 3. Nc3 g6 4. Bf4 Bg7 5. Qd2 Nc6 6. O-O-O O-O 7. f3 Re8 8. Bb5 Bd7 9. e5 Nh5 10. Bh6 a6 11. Bxc6 Bxc6 12. g4 Bxh6 13. Qxh6 Ng7 14. Nh3 f6 15. d5 Bb5 16. a4 Bc4 17. e6 c6 18. Ne4 Qb6 19. Rhe1 cxd5 20. Neg5 fxg5 21. Nxg5 1-0


[Site "https://www.chess.com"]

[Event "Titled Tuesday Blitz November 22 Late 2022"]
[White "Rosenberg, Evan S"]
[Black "Bobkov, Vadim"]
[WhiteFideId "2019299"]
[BlackFideId "34110876"]
[WhiteElo "2385"]
[BlackElo "2172"]
[Result "0-1"]
[Round "02"]
[TimeControl "180+1"]
[Date "2022.11.23"]
[WhiteClock "0:00:02"]
[BlackClock "0:00:46"]

1. d4 Nf6 2. Nf3 e6 3. g3 b5 4. Bg2 Bb7 5. O-O Be7 6. a4 b4 7. a5 a6 8. c4 bxc3 9. bxc3 O-O 10. Nbd2 c5 11. Nc4 Nc6 12. Nfe5 d5 13. Nxc6 Bxc6 14. Ne5 Bb7 15. e3 Nd7 16. Nxd7 Qxd7 17. Rb1 Bc6 18. Ba3 Bb5 19. Re1 Rac8 20. Qg4 Qd8 21. Bxc5 Bxc5 22. dxc5 Qxa5 23. e4 dxe4 24. Qxe4 Rxc5 25. Qb4 Qc7 26. Re3 Rc8 27. h4 Rxc3 28. Rxc3 Qxc3 29. Qe7 h6 30. Rd1 Qc7 31. Qb4 Rd8 32. Rxd8+ Qxd8 33. Be4 h5 34. Kg2 g6 35. Bc2 Qd5+ 36. Be4 Qc4 37. Qxc4 Bxc4 38. Kf3 Bd5 0-1


[Site "https://www.chess.com"]

[Event "Titled Tuesday Blitz November 22 Late 2022"]
[White "Rustemov, Alexander"]
[Black "Principe, Gerson"]
[WhiteFideId "4119002"]
[BlackFideId "3804550"]
[WhiteElo "2867"]
[BlackElo "2583"]
[Result "1-0"]
[Round "02"]
[TimeControl "180+1"]
[Date "2022.11.23"]
[WhiteClock "0:00:34"]
[BlackClock "0:00:07"]

1. d4 Nf6 2. c4 e6 3. Nf3 b6 4. a3 Bb7 5. Nc3 d5 6. Bg5 Be7 7. Bxf6 Bxf6 8. cxd5 exd5 9. Qa4+ c6 10. g3 O-O 11. Rd1 Re8 12. Bg2 Nd7 13. O-O Nf8 14. e3 Qd6 15. b4 b5 16. Qb3 a5 17. Ne1 axb4 18. axb4 Be7 19. Nd3 Nd7 20. Ra1 Rxa1 21. Rxa1 Ra8 22. Rxa8+ Bxa8 23. Qa3 Qb8 24. e4 dxe4 25. Nxe4 Bb7 26. Ndc5 Nxc5 27. Nxc5 Bxc5 28. dxc5 g6 29. Qe3 Qd8 30. h4 h5 31. Qf4 Qe7 32. Kh2 Kg7 33. Qd4+ Kg8 34. Bh3 Ba6 35. Kg2 Bb7 36. Qf4 Kg7 37. Kh2 Kg8 38. Qb8+ Kg7 39. Bg2 Qd7 40. Qe5+ f6 41. Qe4 Kf7 42. Bf3 Qe6 43. Qf4 Kg7 44. Qc7+ Qf7 45. Qd6 Qe8 46. Kg2 Kf7 47. Bd1 Qe4+ 48. Kh2 Qe7 49. Bb3+ Kf8 50. Qb8+ Kg7 51. Qg8+ Kh6 52. Qh8+ Qh7 53. Qxf6 Qg7 54. Qxg7+ Kxg7 55. Bc2 Bc8 56. Be4 Bd7 57. Kg2 Kf6 58. Kf3 g5 59. Ke3 gxh4 60. gxh4 Ke5 61. Bf3 Be8 62. Bd1 Kd5 63. Bb3+ Ke5 64. f3 Kf5 65. Bc2+ Ke5 66. Be4 Bd7 67. Bg6 Kd5 68. Kd3 Ke5 69. Bxh5 1-0


[Site "https://www.chess.com"]

[Event "Titled Tuesday Blitz November 22 Late 2022"]
[White "Sabuk, Piotr"]
[Black "Andreikin, Dmitry"]
[WhiteFideId "1137565"]
[BlackFideId "4158814"]
[WhiteElo "2326"]
[BlackElo "2736"]
[Result "0-1"]
[Round "02"]
[TimeControl "180+1"]
[Date "2022.11.22"]
[WhiteClock "0:00:04"]
[BlackClock "0:01:28"]

1. d4 Nf6 2. c4 e6 3. Nc3 Bb4 4. e3 O-O 5. Bd3 c5 6. Nf3 d6 7. O-O Nc6 8. Qc2 Ba5 9. a3 Bxc3 10. Qxc3 e5 11. d5 Ne7 12. Qc2 Bg4 13. Nd2 Bh5 14. b4 b6 15. Bb2 Bg6 16. e4 Nh5 17. g3 f5 18. Rae1 f4 19. g4 Nf6 20. f3 Be8 21. bxc5 bxc5 22. Bc3 h5 23. h3 Ng6 24. Rb1 Nh7 25. Nb3 Qh4 26. Qf2 Qxh3 27. Qh2 Qxh2+ 28. Kxh2 hxg4 29. fxg4 Bd7 30. Be2 Nf6 31. Nd2 Bxg4 32. Bd3 Rab8 33. Ba5 Kf7 34. Bc7 Rh8+ 35. Kg1 Rxb1 36. Rxb1 Rh3 37. Bf1 Rg3+ 38. Kf2 Nh4 39. Bxd6 Nf3 40. Nxf3 Nxe4+ 41. Ke1 Rxf3 42. Be2 Re3 43. Bxe5 Rxe2+ 0-1


[Site "https://www.chess.com"]

[Event "Titled Tuesday Blitz November 22 Late 2022"]
[White "Sadhwani, Raunak"]
[Black "Danielyan, Vahe"]
[WhiteFideId "35093487"]
[BlackFideId "13304828"]
[WhiteElo "2656"]
[BlackElo "2423"]
[Result "1-0"]
[Round "02"]
[TimeControl "180+1"]
[Date "2022.11.22"]
[WhiteClock "0:00:05"]
[BlackClock "0:00:02"]

1. e4 e6 2. Qe2 c5 3. g3 Nc6 4. Nf3 g6 5. Bg2 Bg7 6. O-O Nge7 7. c3 O-O 8. d3 d6 9. a4 a6 10. Be3 Rb8 11. d4 cxd4 12. cxd4 Bd7 13. Nc3 Nb4 14. Rfd1 d5 15. e5 Nf5 16. Bg5 f6 17. exf6 Bxf6 18. Bxf6 Qxf6 19. Ne5 Rbd8 20. Qd2 Nc6 21. Nf3 Rf7 22. Ne2 Nd6 23. Nf4 Ne4 24. Qe3 Rdf8 25. Nd3 Qg7 26. Rf1 Nd6 27. Nde5 Rxf3 28. Nxf3 Nf5 29. Qb3 Bc8 30. Rad1 Nfxd4 31. Nxd4 Nxd4 32. Qd3 Nc6 33. b3 Qf6 34. Qe3 Kg7 35. f4 Ne7 36. Rfe1 Bd7 37. Rc1 Nc6 38. Bh3 Re8 39. Qc3 Qxc3 40. Rxc3 Kf6 41. Kf2 h5 42. Bg2 Rb8 43. Rec1 Ke7 44. Bf1 Kd6 45. Bd3 Rg8 46. h4 e5 47. Rd1 Rf8 48. Bxg6 Bg4 49. Rd2 exf4 50. Be4 fxg3+ 51. Kxg3 Be6 52. Bf3 Ne7 53. Rcd3 Nf5+ 54. Kh2 d4 55. Bxb7 Ke5 56. Re2+ Kd6 57. Bxa6 Rb8 58. Bc4 Bxc4 59. bxc4 Rb4 60. c5+ Kd5 61. Ra2 Ne3 62. a5 Ng4+ 63. Kg3 Rb1 64. a6 Ke4 65. Rdd2 Ke3 66. Re2+ Kd3 67. a7 Rg1+ 68. Rg2 Rh1 69. a8=Q 1-0


[Site "https://www.chess.com"]

[Event "Titled Tuesday Blitz November 22 Late 2022"]
[White "Sailer, Mike"]
[Black "Necromon"]
[WhiteFideId "2012901"]
[WhiteElo "2109"]
[BlackElo "2472"]
[Result "0-1"]
[Round "02"]
[TimeControl "180+1"]
[Date "2022.11.23"]
[WhiteClock "0:00:46"]
[BlackClock "0:01:16"]

1. Nf3 c5 2. c4 Nc6 3. g3 Nf6 4. Bg2 g6 5. O-O Bg7 6. Nc3 O-O 7. a3 d5 8. cxd5 Nxd5 9. Nxd5 Qxd5 10. d3 Qd6 11. Rb1 Bf5 12. Bd2 Rac8 13. Bc3 Nd4 14. Nxd4 cxd4 15. Bb4 Qd7 16. Rc1 b6 17. a4 Rxc1 18. Qxc1 Rc8 19. Qd2 Qc7 20. h3 e5 21. Kh2 Be6 22. a5 bxa5 23. Bxa5 Qc2 24. f4 Qxd2 25. Bxd2 Rc2 26. Rd1 Rxb2 27. fxe5 Bb3 28. Bc1 Rxe2 29. Rf1 Bxe5 30. Ba3 Bd5 31. Rg1 a5 32. h4 h5 33. Kh3 Bxg2+ 34. Rxg2 Re3 35. Bc5 Rxd3 0-1


[Site "https://www.chess.com"]

[Event "Titled Tuesday Blitz November 22 Late 2022"]
[White "Sarana, Alexey"]
[Black "Hjartarson, Johann"]
[WhiteFideId "24133795"]
[BlackFideId "2300044"]
[WhiteElo "2708"]
[BlackElo "2458"]
[Result "1-0"]
[Round "02"]
[TimeControl "180+1"]
[Date "2022.11.22"]
[WhiteClock "0:01:06"]
[BlackClock "0:00:11"]

1. c4 e5 2. Nc3 Nf6 3. Nf3 Nc6 4. g3 Nd4 5. Bg2 Nxf3+ 6. Bxf3 Bb4 7. Qb3 Bc5 8. Na4 Be7 9. d4 exd4 10. O-O O-O 11. Rd1 d6 12. Rxd4 Rb8 13. Be3 b6 14. Nc3 Be6 15. Nd5 Bxd5 16. cxd5 Nd7 17. Qc2 Bf6 18. Rc4 Nc5 19. Rd1 a5 20. b3 Re8 21. a3 Rxe3 22. fxe3 Qe7 23. b4 Qxe3+ 24. Kg2 Na6 25. Rd3 Qe8 26. Re4 Qd7 27. Qc4 b5 28. Qc2 axb4 29. axb4 g6 30. Bg4 Qd8 31. Qc6 h5 32. Rde3 Be5 33. Bh3 Rb6 34. Qc2 Qa8 35. Rd3 c5 36. Be6 fxe6 37. Rf3 Qxd5 38. Rxe5 dxe5 39. Qxg6+ Kh8 40. Qxh5+ Kg7 41. Qf7+ Kh8 42. Qf6+ Kg8 43. Qg6+ Kh8 44. Qe8+ Kg7 45. Qe7+ Kg8 46. Kh3 Rb8 47. Qf7+ Kh8 48. Qh5+ Kg8 49. Qg6+ Kh8 50. Rf7 1-0


[Site "https://www.chess.com"]